 Dungeon Crawl Stone Soup version 0.29.1-2-gbd0b4ee654 (webtiles) character file.

Game seed: 10630139596903034936

277 GorkyZ the Ducker (level 6, -1/47 HPs)
             Began as a Demonspawn Gladiator on Nov 20, 2022.
             Splashed by a jelly's acid (10 damage)
             ... on level 2 of the Dungeon.
             The game lasted 00:07:07 (1805 turns).

GorkyZ the Ducker (Demonspawn Gladiator)            Turns: 1805, Time: 00:07:11

Health: -1/47      AC:  0    Str: 16    XL:     6   Next: 4%
Magic:  6/6        EV: 10    Int:  9    God:
Gold:   136        SH:  0    Dex: 15    Spells: 5/5 levels left

rFire   . . .      SeeInvis .   a - +0 war axe
rCold   + . .      Faith    .   (no shield)
rNeg    . . .      Spirit   .   q - +0 scale mail
rPois   .          Reflect  .   c - +0 helmet
rElec   .          Harm     .   (no cloak)
rCorr   .          Rampage  .   k - +0 pair of gloves
Will    .....                   (no boots)
Stlth   ..........              (no amulet)
HPRegen 0.15/turn               v - ring of protection from cold
MPRegen 0.20/turn               (no ring)

@: corroded
A: magic regeneration, weakness stinger 2
a: no special abilities


You were on level 2 of the Dungeon.
You visited 1 branch of the dungeon, and saw 4 of its levels.

You collected 136 gold pieces.

Inventory:

Hand Weapons
 a - a +0 war axe (weapon)
Missiles
 d - 3 throwing nets (quivered)
 e - a javelin
 m - 8 poisoned darts
Armour
 b - a +0 leather armour
 c - a +0 helmet (worn)
 k - a +0 pair of gloves (worn)
 q - a +0 scale mail (worn)
Jewellery
 v - a ring of protection from cold (left hand)
Scrolls
 g - 2 scrolls of identify {unknown}
 h - a scroll of fog {unknown}
 i - 2 scrolls of amnesia {unknown}
 j - 2 scrolls of fear {unknown}
 l - a scroll of poison {unknown}
 n - a scroll of acquirement {unknown}
 p - a scroll of teleportation {unknown}
 r - a scroll of immolation {unknown}
 t - a scroll of magic mapping {unknown}
Potions
 f - a potion of magic {unknown}
 o - a potion of flight {unknown}
 s - a potion of curing {unknown}
 u - a potion of might {unknown}


   Skills:
 + Level 3.3 Fighting
 + Level 3.6 Axes
 + Level 2.9 Throwing
 + Level 2.2 Armour
 + Level 3.6 Dodging


You had 5 spell levels left.
You didn't know any spells.
Your spell library was empty.

Dungeon Overview and Level Annotations

Branches:
Dungeon (4/15)
 Temple: D:4-7

Altars:

Shops:
D:4 [


Innate Abilities, Weirdness & Mutations

You regenerate magic rapidly.
You have a tail ending in a sharp stinger.


Message History

The endoplasm hits the fungus.
You slash the endoplasm!
You kill the endoplasm!
You hit the endoplasm. The endoplasm freezes you.
You are frozen.
You resist.
The endoplasm jiggles.
The endoplasm hits the fungus.
You hit the endoplasm.
You kill the endoplasm!
You hit the jelly.
Your hands burn!
A nearby fungus withers and dies. x2
The jelly hits you but does no damage. The jelly hits you.
You are splashed with acid!
You slash the jelly!
Your hands burn!
The jelly is almost dead.
You hit the jelly but do no damage.
Your hands burn!
You slash the endoplasm!
You kill the endoplasm!
The jelly hits you. The acid corrodes you!
You are splashed with acid!
The jelly hits you but does no damage.
You are too injured to fight recklessly!
You are too injured to fight recklessly!
The jelly attacks as you move away! The jelly hits you but does no damage.
You slash the jelly!
You kill the jelly!
You have reached level 6!
Your demonic ancestry asserts itself...
Your tail grows a sharp stinger.
You barely miss the endoplasm. You tail-slap the endoplasm.
You kill the endoplasm!
You hit the jelly.
Your hands burn!
* * * LOW HITPOINT WARNING * * *
The jelly is lightly wounded.
The jelly barely misses you.
You hit the jelly. The acid corrodes you!
Your hands burn!
* * * LOW HITPOINT WARNING * * *
The jelly is lightly wounded.
The jelly hits you.
* * * LOW HITPOINT WARNING * * *
You are splashed with acid!
You die...

### #.. ### #.#
#######.##.....?#
#.####....#.#)#...P..#
#..##.....#.#.#..÷..÷#
#..'......#'#.#..P...#
#..'........#.#J....÷#
#..'........#.#JP....#
#..##.......#@#÷.....#
#)####......##JJ.....#
#.#############......#
#...# ### #######
###.###.# ### #.....#
#.# ###.### #####.#
#.# #.....#
#.######>#####


You could see a jelly and an endoplasm.

Vanquished Creatures
  A necrophage (D:4)
  2 scorpions (D:4)
  A jelly (D:2)
  3 adders
  A ball python (D:4)
  8 endoplasms
  A giant cockroach (D:4)
  3 goblins
  6 hobgoblins
  2 quokkas
  4 bats (D:1)
  3 frilled lizards (D:1)
  12 kobolds
  2 rats (D:1)
49 creatures vanquished.

Vanquished Creatures (others)
  3 fungi (D:2)
  15 toadstools (D:2)
18 creatures vanquished.

Grand Total: 67 creatures vanquished

Notes
Turn   | Place    | Note
-------+----------+-------------------------------------------
     0 | D:1      | GorkyZ the Demonspawn Gladiator began the quest for the
                  | Orb.
     0 | D:1      | Reached XP level 1. HP: 16/16 MP: 1/1
   140 | D:1      | Gained mutation: You have a small tail. [demonic ancestry]
   140 | D:1      | Reached XP level 2. HP: 9/22 MP: 2/2
   585 | D:1      | Found a faded altar of an unknown god.
   987 | D:2      | Reached XP level 3. HP: 19/28 MP: 3/3
  1127 | D:2      | You fall into a shaft and drop 2 floors!
  1132 | D:4      | Found Ithaysh's Antique Armour Shoppe.
  1156 | D:4      | Reached skill level 1 in Armour
  1239 | D:4      | Noticed a necrophage
  1252 | D:4      | Killed a necrophage
  1253 | D:4      | Gained mutation: You regenerate magic rapidly. [demonic
                  | ancestry]
  1253 | D:4      | Reached XP level 4. HP: 27/34 MP: 4/4
  1376 | D:4      | Noticed a scorpion
  1384 | D:4      | Killed a scorpion
  1385 | D:4      | Reached XP level 5. HP: 41/41 MP: 5/5
  1803 | D:2      | Gained mutation: You have a tail ending in a sharp stinger.
                  | [demonic ancestry]
  1803 | D:2      | Reached XP level 6. HP: 16/47 MP: 6/6
  1805 | D:2      | Splashed by a jelly's acid

Illustrated notes

Levels and vault maps discovered:
D:1:      dpeg_arrival_windows_large_door, layout_basic,
          dreamdust_ecumenical_altar_angels_and_demons, minmay_statues_item,
          serial_park_tiny_pond, kennysheep_boxes
D:2:      cheibrodos_fertilizer, layout_loops_ring
D:3:      minmay_evil_eye, layout_basic
D:4:      layout_basic, serial_shops, nicolae_shop_waterfront

Skill      XL: |  1  2  3  4  5 |
---------------+----------------+-----
Throwing       | 2 |  2.9
Axes           | 3 |  3.6
Dodging        | 3 |  3.6
Armour         | 1 2 |  2.2
Fighting       | 3 |  3.3

Action                   |  1- 3 |  4- 6 || total
-------------------------+-------+-------++-------
Melee: War axe           |    62 |    61 ||   123
       Tailslap          |     5 |     7 ||    12
       Punch             |     1 |       ||     1
Armor: Leather armour    |    18 |       ||    18
       Scale mail        |     4 |    30 ||    34
Dodge: Dodged            |    49 |    28 ||    77
